Map: Oxide LE

Players

Geralt (Gerald) - Winner!

  • Race: Protoss Protoss
  • League: Grandmaster

milkicow

  • Race: Terran Terran
  • League: Grandmaster

Event: DreamHack SC2 Masters 2021 Summer

VOD

Have the link to the VOD?

Description

Time

  • Played on: May 29, 2021, 10:30 a.m.
  • Length: 14:12

All games in this series

Show
View Real Time Build Order
Export as new Build Order

Geralt Protoss - Winner!

Build Orders: 1 Gate Expand, Oracle Opening 

Get SALT Encoding   

  12  0:00  Probe  
  13  0:12  Probe  
  14  0:17  Pylon  
  14  0:24  Probe (Chrono Boost)  
  16  0:36  Gateway, Probe (Chrono Boost)  
  16  0:42  Probe (Chrono Boost)  
  16  0:46  Assimilator  
  17  0:51  Probe  
  17  0:55  Assimilator  
  18  1:03  Probe  
  19  1:15  Probe  
  20  1:24  Cybernetics Core  
  20  1:27  Probe  
  21  1:37  Nexus  
  21  1:43  Pylon  
  21  1:46  Probe  
  22  1:53  Assimilator  
  22  1:58  Adept (Chrono Boost), Probe  
  25  2:07  Pylon  
  25  2:11  Probe  
  26  2:19  Adept (Chrono Boost)  
  28  2:23  Probe  
  29  2:33  Stargate  
  29  2:35  Probe  
  30  2:41  Adept  
  32  2:44  Warp Gate  
  32  2:56  Probe  
  32  2:58  Probe  
  34  3:08  Probe  
  34  3:10  Probe  
  36  3:16  Oracle (Chrono Boost)  
  37  3:34  Probe  
  37  3:37  Probe  
  37  3:38  Adept  
  41  3:46  Gateway, Probe  
  41  3:48  Twilight Council  
  42  3:49  Probe  
  43  3:59  Probe  
  44  4:06  Probe  
  45  4:10  Nexus  
  45  4:11  Probe  
  45  4:12  Pylon  
  45  4:16  Pylon  
  44  4:17  Phoenix (Chrono Boost)  
  44  4:18  Probe  
  44  4:23  Probe  
  48  4:26  Blink (Chrono Boost)  
  48  4:30  Probe  
  49  4:32  Gateway  
  49  4:34  Stalker  
  49  4:35  Probe  
  52  4:42  Probe  
  53  4:46  Stalker  
  53  4:47  Probe  
  53  4:50  Assimilator x2  
  53  4:52  Forge  
  56  4:57  Stalker  
  58  5:00  Probe  
  59  5:11  Probe  
  59  5:12  Probe  
  56  5:23  Probe (Chrono Boost)  
  56  5:24  Probe (Chrono Boost)  
  56  5:25  Probe (Chrono Boost)  
  56  5:27  Stalker  
  56  5:28  Stalker x2  
  61  5:34  Gateway x2  
  61  5:35  Probe (Chrono Boost)  
  63  5:36  Probe (Chrono Boost)  
  63  5:37  Probe (Chrono Boost)  
  63  5:38  Protoss Ground Weapons Level 1 (Chrono Boost)  
  65  5:43  Probe x3 (Chrono Boost)  
  65  5:49  Probe  
  67  5:50  Probe  
  67  5:51  Stalker x2  
  67  5:52  Adept  
  67  5:54  Probe  
  76  6:02  Templar Archives  
  76  6:06  Gateway, Probe  
  76  6:10  Probe  
  78  6:12  Assimilator  
  78  6:13  Charge (Chrono Boost)  
  78  6:16  Assimilator, Probe  
  78  6:18  Probe  
  80  6:19  Pylon  
  80  6:34  Zealot x2, Probe  
  80  6:37  Photon Cannon, Shield Battery  
  80  6:38  Psionic Storm  
  83  6:40  Pylon  
  83  6:41  Pylon, Probe  
  84  6:52  Gateway  
  84  6:53  Gateway  
  84  6:54  Gateway, Probe  
  84  6:55  Pylon  
  84  6:56  Pylon  
  84  6:57  High Templar x2  
  84  6:59  Probe  
  90  7:03  Pylon  
  90  7:04  Robotics Facility  
  90  7:13  Probe  
  87  7:15  High Templar  
  87  7:16  Zealot  
  87  7:20  Probe  
  87  7:22  Zealot, High Templar  
  96  7:26  Nexus  
  96  7:27  Pylon  
  96  7:37  Probe  
  96  7:38  Zealot x3, Pylon  
  96  7:42  Pylon  
  96  7:43  Pylon, High Templar  
  105  7:46  Probe  
  105  7:47  Protoss Ground Armor Level 1 (Chrono Boost)  
  105  7:48  Probe  
  105  7:49  Probe  
  108  7:52  High Templar  
  108  7:54  Pylon  
  108  7:57  Zealot x2, High Templar  
  108  7:58  Zealot  
  118  8:03  Archon  
  118  8:05  Zealot x3  
  118  8:09  Warp Prism (Chrono Boost)  
  118  8:10  Probe  
  127  8:13  Forge  
  127  8:20  Pylon  
  127  8:28  Zealot, High Templar x2  
  127  8:29  Zealot x5  
  127  8:33  Gateway  
  143  8:37  Archon  
  143  8:38  Observer  
  144  8:43  Probe  
  144  8:44  Photon Cannon  
  144  8:46  Protoss Ground Weapons Level 2 (Chrono Boost)  
  144  8:47  Photon Cannon  
  143  9:02  Zealot x7  
  141  9:03  Zealot  
  141  9:12  Probe x3  
  141  9:15  Robotics Bay  
  142  9:25  High Templar x2  
  142  9:27  Assimilator  
  142  9:28  Assimilator  
  142  9:29  High Templar x2  
  142  9:30  Zealot x6  
  162  9:32  Archon  
  162  9:42  Nexus  
  162  9:43  Pylon  
  162  9:45  Robotics Facility  
  161  9:53  Zealot x6  
  161  9:57  Observer  
  158  10:18  Observer  
  153  10:21  Zealot x5  
  153  10:22  Zealot x3  
  153  10:24  Probe x2  
  153  10:25  Probe  
  162  10:39  Disruptor, Observer  
  164  10:44  Probe  
  164  10:48  Probe  
  160  10:59  Disruptor  
  160  11:01  Stalker x3  
  160  11:02  Stalker x7, Protoss Ground Armor Level 2 (Chrono Boost)  
  181  11:06  Protoss Ground Weapons Level 3 (Chrono Boost), Probe x3  
  181  11:07  Probe  
  185  11:15  Disruptor  
  188  11:20  Archon  
  174  11:35  Disruptor, Archon  
  165  11:47  High Templar x2  
  165  11:48  Zealot x8  
  165  11:50  Disruptor  
  178  12:08  Probe x3  
  173  12:11  Disruptor  
  152  12:26  Disruptor, Archon  
  141  12:31  Probe  
  141  12:34  Stalker x10  
  162  12:38  Probe x3  
  162  12:41  Probe  
  162  12:43  Probe  
  162  12:44  Gateway  
  167  12:45  Assimilator  
  167  12:46  Gateway, Disruptor  
  167  12:47  Assimilator  
  167  12:50  Gateway x2  
  167  12:51  Gateway  
  170  12:52  Gateway  
  170  12:55  Pylon  
  170  12:57  Dark Shrine  
  170  12:58  Nexus  
  170  13:00  Pylon, Zealot x10  
  170  13:02  Disruptor  
  190  13:21  Photon Cannon  
  190  13:22  Disruptor, Shield Battery  
  193  13:28  High Templar x3  
  159  13:51  Zealot x12  
  159  13:52  Zealot  
Show
View Real Time Build Order
Export as new Build Order

milkicow Terran 

Build Orders: Reaper Expand 

Get SALT Encoding   

  12  0:00  SCV  
  13  0:12  SCV  
  14  0:17  Supply Depot  
  14  0:24  SCV  
  15  0:39  SCV  
  15  0:41  Barracks  
  16  0:44  Refinery  
  16  0:51  SCV  
  17  1:03  SCV  
  18  1:15  SCV  
  19  1:29  Reaper, Orbital Command  
  20  1:40  Command Center  
  20  1:52  Supply Depot  
  20  1:54  SCV  
  20  2:00  Marine  
  22  2:06  SCV  
  23  2:10  Factory  
  23  2:20  Bunker, SCV  
  24  2:22  Barracks Reactor  
  24  2:28  Refinery  
  24  2:32  SCV  
  25  2:44  SCV  
  26  2:53  Orbital Command  
  26  2:56  SCV  
  26  2:57  Starport  
  28  2:58  Hellion  
  28  3:00  Orbital Command  
  28  3:02  Marine  
  29  3:06  Marine  
  29  3:08  SCV  
  33  3:20  Widow Mine, SCV  
  33  3:26  SCV  
  33  3:28  Marine  
  33  3:29  Marine  
  33  3:32  SCV  
  33  3:34  Viking  
  38  3:38  SCV  
  37  3:45  Widow Mine  
  37  3:47  SCV  
  40  3:49  Marine  
  40  3:52  SCV  
  40  3:53  Marine, Supply Depot  
  43  3:59  SCV  
  42  4:04  SCV  
  42  4:07  Marine  
  42  4:11  Marine  
  42  4:15  SCV, Supply Depot  
  44  4:20  SCV  
  45  4:26  Command Center  
  45  4:27  SCV  
  46  4:32  SCV, Marine x2  
  46  4:37  Barracks  
  49  4:39  Factory Tech Lab  
  49  4:40  SCV  
  50  4:46  SCV  
  50  4:47  Barracks  
  50  4:50  Starport Tech Lab  
  50  4:52  SCV  
  52  4:57  Siege Tank, Marine  
  52  4:58  SCV, Marine  
  58  5:01  Supply Depot  
  58  5:08  SCV  
  58  5:12  SCV  
  60  5:15  Engineering Bay  
  60  5:17  Engineering Bay  
  56  5:21  SCV  
  56  5:24  Marine  
  56  5:25  SCV  
  59  5:31  Marine  
  59  5:32  Siege Tank, Starport Reactor  
  59  5:33  Refinery  
  59  5:34  SCV  
  64  5:37  SCV, Orbital Command  
  64  5:42  Terran Infantry Weapons Level 1  
  65  5:45  Marine  
  65  5:46  Marine, Refinery  
  65  5:47  SCV  
  65  5:49  SCV  
  69  5:52  Supply Depot  
  69  5:56  Terran Infantry Armor Level 1  
  69  6:00  Marine  
  69  6:01  SCV  
  69  6:02  SCV  
  72  6:09  Barracks  
  72  6:10  Barracks  
  72  6:13  SCV  
  72  6:14  Marine x3  
  72  6:15  Factory Reactor  
  72  6:16  Medivac  
  76  6:27  SCV x2  
  76  6:30  Marine  
  76  6:32  Marauder x2  
  81  6:38  Stimpack  
  81  6:39  SCV, Orbital Command  
  79  6:46  SCV  
  80  6:50  Marine x2  
  80  6:52  Supply Depot  
  80  6:53  Widow Mine x2, Barracks Tech Lab  
  85  6:55  Marauder  
  85  6:57  SCV  
  85  7:01  SCV  
  89  7:02  Supply Depot  
  89  7:03  Supply Depot  
  89  7:06  SCV  
  89  7:07  Marine  
  90  7:09  SCV  
  90  7:14  SCV  
  90  7:15  Marine, Supply Depot  
  91  7:16  Marauder  
  91  7:17  Widow Mine x2, Marine x2  
  91  7:19  SCV  
  101  7:24  SCV  
  101  7:26  SCV  
  103  7:30  Marine, Supply Depot  
  103  7:31  SCV, Marauder, Supply Depot  
  103  7:35  Marine  
  103  7:36  SCV  
  106  7:37  Marauder  
  106  7:38  SCV  
  106  7:39  Supply Depot  
  106  7:42  Barracks Tech Lab  
  106  7:44  Barracks Reactor  
  109  7:46  SCV  
  109  7:47  Ghost Academy  
  109  7:50  SCV  
  111  7:52  SCV, Marauder  
  111  7:54  Combat Shield  
  111  7:56  Widow Mine x2  
  111  7:58  SCV  
  119  7:59  Supply Depot  
  119  8:02  SCV  
  119  8:04  Marine, Medivac, Marauder x2  
  126  8:06  Medivac  
  126  8:10  SCV  
  128  8:12  Missile Turret  
  128  8:14  SCV  
  128  8:15  SCV  
  128  8:16  Refinery x2, Enhanced Shockwaves  
  130  8:24  Ghost  
  130  8:25  Ghost  
  134  8:28  Ghost  
  134  8:29  SCV  
  134  8:30  SCV  
  134  8:31  Widow Mine  
  134  8:32  SCV  
  141  8:37  Bunker  
  141  8:38  Marine  
  141  8:40  Marine  
  143  8:42  Viking, Missile Turret  
  143  8:46  Viking  
  143  8:47  SCV  
  148  8:51  Supply Depot  
  148  8:53  Ghost  
  138  9:01  Marine  
  138  9:02  Marauder  
  132  9:03  SCV  
  132  9:08  Marauder  
  139  9:10  Widow Mine x2, Marine  
  139  9:11  SCV  
  139  9:14  Armory  
  139  9:15  Engineering Bay  
  141  9:18  Marine  
  141  9:23  Marauder x2  
  144  9:25  Marine, Viking x2  
  144  9:29  Marauder  
  151  9:32  SCV  
  151  9:35  Supply Depot, Missile Turret  
  151  9:37  Widow Mine, Command Center  
  154  9:39  Marine  
  154  9:44  Marauder, Personal Cloaking  
  159  9:46  Marauder  
  159  9:52  Marine, Ghost  
  161  9:54  SCV  
  161  9:59  Supply Depot  
  163  10:02  Terran Infantry Weapons Level 2  
  163  10:06  Marauder  
  160  10:13  Ghost  
  159  10:15  Marine  
  159  10:16  Marine  
  159  10:17  SCV  
  159  10:20  Ghost  
  158  10:22  Marine  
  158  10:25  Widow Mine, SCV  
  158  10:26  Bunker  
  158  10:27  Marauder  
  162  10:37  Marine  
  162  10:42  Marauder  
  165  10:44  Marine, Medivac  
  165  10:45  Widow Mine  
  165  10:47  Widow Mine  
  165  10:48  Marauder  
  165  10:49  Ghost  
  164  10:57  Medivac  
  164  10:58  Marine  
  164  11:02  Barracks  
  164  11:03  Marauder, Barracks, Marine  
  168  11:04  Barracks  
  168  11:07  Marine  
  168  11:08  SCV  
  168  11:09  Ghost  
  172  11:12  Widow Mine  
  172  11:15  Widow Mine, Terran Infantry Armor Level 2  
  178  11:18  Marauder  
  178  11:19  Terran Ship Weapons Level 1  
  178  11:25  Marauder  
  172  11:38  Marauder  
  172  11:39  Marine  
  168  11:40  Marauder  
  168  11:42  Marine  
  168  11:43  SCV  
  168  11:44  Marine  
  168  11:46  SCV, Marauder  
  165  11:47  Marine  
  165  11:48  Medivac  
  165  11:49  Widow Mine x2, SCV  
  165  11:52  Barracks Tech Lab x2  
  173  11:57  Marine  
  173  11:58  Planetary Fortress  
  173  12:00  Marauder  
  173  12:01  Marauder  
  173  12:08  Marauder  
  170  12:10  Widow Mine  
  170  12:14  Marine  
  170  12:15  Marauder  
  164  12:19  Marauder, Marine  
  164  12:20  SCV x2  
  164  12:21  Marine x2, Marauder  
  161  12:23  SCV, Marauder  
  161  12:27  Marine  
  161  12:29  Widow Mine, Marauder  
  140  12:32  SCV x2, Marine  
  140  12:36  Marauder  
  140  12:37  Marine  
  140  12:40  Marauder  
  140  12:42  Marauder  
  140  12:43  Marine, Ghost  
  148  12:45  Widow Mine  
  148  12:46  Marine  
  148  12:48  Marine  
  148  12:50  Marauder  
  148  12:51  Medivac x2  
  155  12:56  Refinery  
  155  12:57  Marauder  
  159  12:59  Refinery  
  159  13:03  Sensor Tower  
  159  13:11  Marine, Marauder  
  152  13:16  SCV  
  152  13:19  Marine, Marauder  
  156  13:20  Marine x2  
  156  13:21  Marauder x2  
  162  13:27  Starport  
  162  13:30  Marine, Marauder  
  149  13:40  Marine  
  122  13:41  Marauder  
  122  13:43  Marine  
  122  13:44  Marauder  
  122  13:45  SCV  
  122  13:47  Marine, Marauder  
  113  13:49  Marine  
  113  13:50  Marine  
Tags
 
Add a new tag
Caveats
  • Supply blocks, unpowered buildings, or Contaminate may cause inaccurate times.
  • Supply counts are checked every 10 seconds.